 Dungeon Crawl Stone Soup version 0.29.0-4-gdea44cf6ec (webtiles) character file.

Game seed: 9875332294274248741

15 qw the Caller (level 2, 0/23 HPs)
             Began as a Ghoul Summoner on Sept 10, 2022.
             Slain by a kobold
             ... wielding a +0 club
              (3 damage)
             ... on level 1 of the Dungeon.
             The game lasted 00:00:19 (1064 turns).

qw the Caller (Ghoul Summoner)                      Turns: 1064, Time: 00:00:19

Health: 0/23       AC:  2    Str: 11    XL:     2   Next: 50%
Magic:  3/3        EV: 12    Int: 10    God:
Gold:   6          SH:  0    Dex:  9    Spells: 3/4 levels left

rFire   . . .      SeeInvis .   l - +0 hand axe
rCold   + . .      Faith    .   (no shield)
rNeg    + + +      Spirit   .   a - +0 robe
rPois   inf        Reflect  .   (no helmet)
rElec   .          Harm     .   (no cloak)
rCorr   .          Rampage  .   (no gloves)
Will    .....                   (no boots)
Stlth   ++........              (no amulet)
HPRegen 0.00/turn               (no ring)
MPRegen 0.08/turn               (no ring)

@: inhibited regen
A: claws 1, cold resistance 1, negative energy resistance 3, inhibited
regeneration, torment resistance 2, devour on kill
a: no special abilities


You were on level 1 of the Dungeon.
You visited 1 branch of the dungeon, and saw 1 of its levels.

You collected 66 gold pieces.
You spent 60 gold pieces at shops.


Innate Abilities, Weirdness & Mutations

You are immune to poison.
You have sharp fingernails.
Your flesh is cold resistant. (rC+)
You are immune to negative energy. (rN+++)
You do not regenerate when monsters are visible.
You are immune to unholy pain and torment.
You thrive by killing the living.


   Skills:
 - Level 1.0 Fighting
 + Level 1.4 Axes
 - Level 1.7 Dodging
 - Level 2.1 Stealth
 - Level 1.7 Spellcasting
 - Level 3.6 Summonings


You had 3 spell levels left.
You knew the following spells:

 Your Spells              Type           Power      Damage    Failure   Level
a - Summon Small Mammal   Summ           32%        N/A       8%          1

Your spell library contained the following spells:

 Spells                   Type           Power      Damage    Failure   Level
 Call Imp                 Summ           8%         N/A       11%         2
 Call Canine Familiar     Summ           8%         N/A       22%         3
 Summon Guardian Golem    Hex/Summ       4%         N/A       43%         3
 Summon Lightning Spire   Summ/Air       4%         N/A       83%         4

Inventory:

Hand Weapons
 d - a +0 club
 l - a +0 hand axe (weapon)
Armour
 a - a +0 robe (worn)
 c - a +0 pair of gloves
 g - a +0 leather armour
 m - a +0 ring mail
Scrolls
 e - a scroll of torment {unknown}
 f - a scroll of noise {unknown}
 i - a scroll of amnesia {unknown}
 j - a scroll of poison {unknown}
 n - a scroll of vulnerability {unknown}
Potions
 b - a potion of magic
 h - a potion of heal wounds {unknown}
 k - a potion of mutation {unknown}

Dungeon Overview and Level Annotations

Branches:
Dungeon (1/15)

Altars:

Shops:
D:1 [*?[


Message History

Something closely misses your bat. Something barely misses your bat.
Something hits your bat.
Your bat dies!
Your bat's corpse disappears in a puff of smoke!
A kobold is nearby!
You barely miss the kobold. You hit the fungus.
The fungus begins to die.
You hit the fungus.
The fungus begins to die.
The kobold barely misses you.
You hit the kobold.
The kobold is moderately wounded.
You hit the fungus. You hit the fungus but do no damage.
The kobold closely misses you. The kobold hits you with a +0 club.
You barely miss the kobold.
The kobold is moderately wounded.
You hit the fungus. You hit the fungus but do no damage.
A nearby fungus withers and dies.
The kobold hits you with a +0 club.
You hit the kobold but do no damage.
The kobold is moderately wounded.
You hit the fungus.
A nearby fungus withers and dies.
The kobold hits you but does no damage.
You closely miss the kobold.
The kobold is moderately wounded.
The kobold barely misses you.
You barely miss the kobold.
The kobold is moderately wounded.
The kobold hits you but does no damage. The kobold hits you with a +0 club.
You barely miss the kobold. The kobold hits you with a +0 club.
You hit the kobold but do no damage. The kobold hits you with a +0 club.
You barely miss the kobold. The kobold hits you but does no damage.
You hit the kobold.
The kobold is heavily wounded.
The kobold hits you with a +0 club. x2
You hit the kobold.
The kobold is severely wounded.
The kobold hits you with a +0 club.
You die...

## ######## _7### #>.....##
...P######## #.......#
~~..P#.....# #####.......##
~~..##.....# .............##
..P##......# ###
.####..:......###K###.......# #..
.####.........#.@##P#.......#####
...............#....##........=..
#####...%.#.#######P.#...........
########.)..# #....####.###..
.....# #.#### #####..........
.##### #.###### ####..#.#.. .#
#......### #######..##### .#
######...# #....##..##7.. .####
###.# #.##.##..##..~


You could see a kobold.

Vanquished Creatures
  A dart slug (D:1)
  2 endoplasms (D:1)
  A hobgoblin (D:1)
4 creatures vanquished.

Vanquished Creatures (collateral kills)
  2 endoplasms (D:1)
  A goblin (D:1)
  A hobgoblin (D:1)
  A quokka (D:1)
  A frilled lizard (D:1)
  A rat (D:1)
7 creatures vanquished.

Vanquished Creatures (others)
  2 fungi (D:1)
2 creatures vanquished.

Grand Total: 13 creatures vanquished

Notes
Turn   | Place    | Note
-------+----------+-------------------------------------------
     0 | D:1      | qw the Ghoul Summoner began the quest for the Orb.
     0 | D:1      | Reached XP level 1. HP: 14/14 MP: 2/2
     0 | D:1      | 0 ||| qw: Version: 0.1-a-116-g5d60599
     0 | D:1      | 0 ||| qw: Game counter: 7591
     0 | D:1      | 0 ||| qw: Always use a shield: true
     0 | D:1      | 0 ||| qw: God list: Okawaru
     0 | D:1      | 0 ||| qw: Allow faded altars: false
     0 | D:1      | 0 ||| qw: Do Orc after D:15 true
     0 | D:1      | 0 ||| qw: Do second Lair branch before Depths: true
     0 | D:1      | 0 ||| qw: Lair rune preference: random
     0 | D:1      | 0 ||| qw: Plans: Normal
     0 | D:1      | 0 ||| PLANNING D:1-11
    21 | D:1      | Found Necint's Antique Armour Shoppe.
    21 | D:1      | Found Etepap's Magic Scroll Emporium.
    25 | D:1      | 25 ||| SHOPLISTING chain mail (126 gold, have 0).
    25 | D:1      | 25 ||| SHOPLISTING dyed leather armour (140 gold, have 0).
    25 | D:1      | 25 ||| SHOPLISTING glowing chain mail (210 gold, have 0).
    25 | D:1      | 25 ||| SHOPLISTING helmet (126 gold, have 0).
    25 | D:1      | 25 ||| SHOPLISTING leather armour (56 gold, have 0).
    25 | D:1      | 25 ||| SHOPLISTING plate armour (644 gold, have 0).
    25 | D:1      | 25 ||| SHOPLISTING transparent ring mail (252 gold, have
                  | 0).
    27 | D:1      | 27 ||| SHOPLISTING 3 scrolls of teleportation (126 gold,
                  | have 0).
    27 | D:1      | 27 ||| SHOPLISTING scroll of identify (28 gold, have 0).
    27 | D:1      | 27 ||| SHOPLISTING scroll of teleportation (42 gold, have
                  | 0).
    42 | D:1      | 42 ||| Wielding weapon +0 short sword.
    48 | D:1      | 48 ||| CASTING Summon Small Mammal
    49 | D:1      | 49 ||| CASTING Summon Small Mammal
    71 | D:1      | 71 ||| CASTING Summon Small Mammal
   113 | D:1      | 113 ||| CASTING Summon Small Mammal
   114 | D:1      | 114 ||| CASTING Summon Small Mammal
   366 | D:1      | Found Joyv's Armour Shop.
   367 | D:1      | 367 ||| CASTING Summon Small Mammal
   368 | D:1      | 368 ||| CASTING Summon Small Mammal
   377 | D:1      | Reached skill level 1 in Axes
   403 | D:1      | 403 ||| SHOPLISTING +0 chain mail (45 gold, have 29).
   403 | D:1      | 403 ||| SHOPLISTING +0 helmet (45 gold, have 29).
   403 | D:1      | 403 ||| BUYING +0 leather armour (20 gold).
   403 | D:1      | Bought a +0 leather armour for 20 gold pieces
   403 | D:1      | 403 ||| SHOPLISTING +0 ring mail (40 gold, have 9).
   403 | D:1      | 403 ||| SHOPLISTING +0 tower shield (45 gold, have 9).
   403 | D:1      | 403 ||| SHOPLISTING +2 ring mail of fire resistance (210
                  | gold, have 9).
   414 | D:1      | 414 ||| CASTING Summon Small Mammal
   415 | D:1      | 415 ||| CASTING Summon Small Mammal
   475 | D:1      | 475 ||| CASTING Summon Small Mammal
   476 | D:1      | 476 ||| CASTING Summon Small Mammal
   481 | D:1      | Reached XP level 2. HP: 22/22 MP: 0/3
   523 | D:1      | 523 ||| CASTING Summon Small Mammal
   524 | D:1      | 524 ||| CASTING Summon Small Mammal
   525 | D:1      | 525 ||| CASTING Summon Small Mammal
   527 | D:1      | Reached skill level 1 in Fighting
   561 | D:1      | 561 ||| SWAPPING to +0 hand axe.
   562 | D:1      | 562 ||| DROPPING +0 short sword.
   640 | D:1      | 640 ||| CASTING Summon Small Mammal
   641 | D:1      | 641 ||| CASTING Summon Small Mammal
   642 | D:1      | 642 ||| CASTING Summon Small Mammal
   650 | D:1      | Found Sesovis's General Store.
   685 | D:1      | 685 ||| BUYING +0 ring mail (40 gold).
   685 | D:1      | Bought a +0 ring mail for 40 gold pieces
   685 | D:1      | 685 ||| SHOPLISTING potion of cancellation (80 gold, have
                  | 6).
   685 | D:1      | 685 ||| SHOPLISTING potion of curing (30 gold, have 6).
   685 | D:1      | 685 ||| SHOPLISTING scroll of identify (20 gold, have 6).
   797 | D:1      | 797 ||| CASTING Summon Small Mammal
   802 | D:1      | 802 ||| CASTING Summon Small Mammal
   803 | D:1      | 803 ||| CASTING Summon Small Mammal
   836 | D:1      | 836 ||| CASTING Summon Small Mammal
   895 | D:1      | 895 ||| CASTING Summon Small Mammal
   896 | D:1      | 896 ||| CASTING Summon Small Mammal
   897 | D:1      | 897 ||| CASTING Summon Small Mammal
  1043 | D:1      | Found a faded altar of an unknown god.
  1044 | D:1      | 1044 ||| CASTING Summon Small Mammal
  1063 | D:1      | HP: 3/23 [kobold/+0 club (3)]
  1064 | D:1      | Slain by a kobold

Levels and vault maps discovered:
D:1:      lightli_arrival_statue_moat, layout_basic, serial_shops,
          nicolae_diamond_shop, shop, shop, nicolae_lakefront_shop,
          dreamdust_ecumenical_altar_hidden_monk_grotto

Skill      XL: |  1  2 |
---------------+-------+-----
Axes           | 1 |  1.4
Fighting       | 1 |  1.0
Dodging        | |  1.7
Stealth        | |  2.1
Spellcasting   | |  1.7
Summonings     | |  3.6

Action                   || total
-------------------------++-------
Melee: Short sword       ||     7
       Hand axe          ||    23
 Cast: Summon Small Mamm ||    24
Armor: Robe              ||     3
Dodge: Dodged            ||    14

Table legend:
 A = Non-vault XP
 B = Vault XP
 C = Vault XP percentage of total XP
 D = Non-vault monster count
 E = Vault monster count
 F = Vault count percentage of total count
                 A         B        C        D         E       F
            +---------+---------+-------+---------+---------+-------
      Total |      22 |       0 |   0.0 |      11 |       0 |   0.0
            +---------+---------+-------+---------+---------+-------
        D:1 |      22 |       0 |   0.0 |      11 |       0 |   0.0
            +---------+---------+-------+---------+---------+-------
